 Dungeon Crawl Stone Soup version 0.28-a0-425-gd0eccab798 (webtiles) character file.

Game seed: 17625526840280082862

203 dolemite99 the Poker (level 5, -2/42 HPs)
             Began as a Minotaur Gladiator on Sept 10, 2021.
             Was a Follower of Ru.
             Slain by a gnoll sergeant (6 damage)
             ... on level 5 of the Dungeon.
             The game lasted 00:03:13 (2296 turns).

dolemite99 the Poker (Minotaur Gladiator)           Turns: 2296, Time: 00:03:13

Health: -2/42      AC:  8    Str: 20    XL:     5   Next: 51%
Magic:  4/4        EV:  8    Int:  5    God:    Ru [*.....]
Gold:   172        SH:  0    Dex: 11    Spells: 4/4 levels left

rFire   . . .      SeeInvis .   a - +0 trident (flame)
rCold   . . .      Faith    .   (no shield)
rNeg    . . .      Spirit   .   j - +0 chain mail
rPois   .          Reflect  .   c - +0 hat
rElec   .          Harm     .   (no cloak)
rCorr   .          Rampage  .   (no gloves)
Will    .....                   (no boots)
Stlth   ..........              (no amulet)
HPRegen 0.14/turn               n - ring of wizardry
MPRegen 0.09/turn               (no ring)

@: lethally poisoned (-2 -> -7), attractive
A: horns 2, no poison magic, no translocations magic, no transmutations magic,
retaliatory headbutt
a: Renounce Religion


You were on level 5 of the Dungeon.
You worshipped Ru.
Ru was aware of your devotion.
You visited 1 branch of the dungeon, and saw 4 of its levels.

You collected 172 gold pieces.

Inventory:

Hand Weapons
 a - a +0 trident of flaming (weapon)
Missiles
 d - 3 throwing nets (quivered)
 e - 80 stones
 q - 21 arrows
Armour
 b - a +0 leather armour
 c - a +0 hat (worn)
 j - a +0 chain mail (worn)
Magical Staves
 w - a staff of death
Jewellery
 h - a +6 ring of intelligence
 n - a ring of wizardry (left hand)
 o - a ring of ice
Wands
 v - a wand of digging (3)
Scrolls
 f - 2 scrolls of noise
 l - a scroll of torment {unknown}
 p - 3 scrolls of fear
 s - a scroll of magic mapping
 t - a scroll of fog
Potions
 g - a potion of mutation {unknown}
 i - a potion of curing
 k - a potion of attraction
 m - 2 potions of haste {unknown}
 r - a potion of heal wounds {unknown}
 u - a potion of degeneration {unknown}


   Skills:
 - Level 2.4 Fighting
 + Level 7.6 Polearms
 - Level 2.0 Throwing
 - Level 3.2 Dodging


You had 4 spell levels left.
You didn't know any spells.
Your spell library contained the following spells:

 Spells                   Type           Power      Damage    Failure   Level
 Excruciating Wounds      Necr           0%         N/A       100%        5
 Portal Projectile        Hex/Tloc       Unusable   N/A       N/A         3
 Blade Hands              Tmut           Unusable   N/A       N/A         5

Dungeon Overview and Level Annotations

Branches:
Dungeon (3/15)

Altars:
Ru

Annotations:
D:2 Sigmund


Innate Abilities, Weirdness & Mutations

You have a pair of horns on your head.
You cannot study or cast Poison magic.
You cannot study or cast Translocations magic.
You cannot study or cast Transmutations magic.
You reflexively headbutt those who attack you in melee.


Message History

You reach to attack!
You hit the gnoll sergeant. You burn the gnoll sergeant.
The gnoll sergeant is heavily wounded.
You feel very sick. The gnoll sergeant closely misses you.
You reach to attack!
You closely miss the gnoll sergeant.
The gnoll sergeant is heavily wounded.
You feel very sick.
The gnoll sergeant hits you from afar with a +1 spear of venom!
You are lethally poisoned!
You are too injured to fight recklessly!
You are too injured to fight recklessly!
You feel very sick.
It was a potion of attraction.
You feel attractive to monsters.
* * * LOW HITPOINT WARNING * * *
You feel very sick.
The gnoll sergeant hits you from afar with a +1 spear of venom.
* * * LOW HITPOINT WARNING * * *
The gnoll sergeant is attracted toward you.
Really quaff the potion of attraction? [Y]es or [N]o only, please.
Really quaff the potion of attraction? [Y]es or [N]o only, please.
Really quaff the potion of attraction? [Y]es or [N]o only, please.
Really quaff the potion of attraction?
Okay, then.
It was a potion of curing.
You feel better.
The gnoll sergeant hits you with a +1 spear of venom!
* * * LOW HITPOINT WARNING * * *
The gnoll sergeant hits you but does no damage.
You are lethally poisoned!
The gnoll sergeant is attracted toward you.
The gnoll is attracted toward you.
You hit the gnoll sergeant. You burn the gnoll sergeant.
The gnoll sergeant is severely wounded.
* * * LOW HITPOINT WARNING * * *
You feel sick.
The gnoll sergeant hits you with a +1 spear of venom.
You die...

...##
*,,,.,*##.###...###***,,,*
...# ******* #....#..# *,,,*
.### #.##.#..# *,,,*
.######### #.......# *,,,*
.##......##########h#### *,,,*
.##............# #g# *,,,*
.......#..####.# #.# **,**
###..#.#..####.####h# **,**
#..>..........@gg§# *,,,,
##.###..####.###### ***,***
#.################## *,,,,,*
#....#.......§.....#****,,,,,,
####.#.............#,,,,,,,,,*
#.#.............#****,,,,,*
#)#....≈≈≈§≈....### *,,,,,*
#.#......≈§.....#.# *,,,,,,
#.#......≈§.....#.# *,,,,,,


You could see a gnoll sergeant, a hound and a gnoll.

Vanquished Creatures
  A howler monkey (D:5)
  A hound (D:5)
  Jessica (D:2)
  A hound skeleton (D:5)
  4 adders
  2 dart slugs (D:1)
  6 orcs
  4 endoplasms
  4 giant cockroaches
  2 goblins
  7 hobgoblins
  4 quokkas
  3 ball pythons
  4 bats
  3 frilled lizards (D:1)
  4 kobolds
  3 rats (D:1)
54 creatures vanquished.

Notes
Turn   | Place    | Note
-------+----------+-------------------------------------------
     0 | D:1      | dolemite99 the Minotaur Gladiator began the quest for the
                  | Orb.
     0 | D:1      | Reached XP level 1. HP: 18/18 MP: 0/0
   146 | D:1      | Reached skill level 4 in Polearms
   172 | D:1      | Reached XP level 2. HP: 25/25 MP: 1/1
   246 | D:1      | Found a faded altar of an unknown god.
   282 | D:1      | Became a worshipper of Ru the Awakened
   302 | D:1      | Gained mutation: You cannot study or cast Poison magic. [Ru
                  | sacrifice]
   302 | D:1      | Gained mutation: You cannot study or cast Transmutations
                  | magic. [Ru sacrifice]
   302 | D:1      | Gained mutation: You cannot study or cast Translocations
                  | magic. [Ru sacrifice]
   302 | D:1      | Reached * piety under Ru
   779 | D:1      | Reached skill level 5 in Polearms
   988 | D:2      | Reached XP level 3. HP: 30/30 MP: 2/2
  1168 | D:2      | Noticed Jessica
  1172 | D:2      | Killed Jessica
  1173 | D:2      | Reached skill level 6 in Polearms
  1173 | D:2      | Reached XP level 4. HP: 37/37 MP: 3/3
  1459 | D:2      | Noticed Sigmund
  2065 | D:3      | You fall into a shaft and drop 2 floors!
  2065 | D:5      | Entered Level 5 of the Dungeon
  2079 | D:5      | Reached skill level 7 in Polearms
  2079 | D:5      | Reached XP level 5. HP: 32/42 MP: 4/4
  2296 | D:5      | Slain by a gnoll sergeant

Illustrated notes

Levels and vault maps discovered:
D:1:      dpeg_arrival_castle, layout_basic, chequers_ecumenical_altar_simple
D:2:      layout_loops_ring, minmay_crystal_water, uniq_sigmund, uniq_jessica,
          uniq_crazy_yiuf_cottage
D:3:      layout_basic
D:5:      layout_loops_cross, mainiacjoe_overflow_alcove_4,
          hangedman_decor_opposing, kennysheep_generic_room_16

Skill      XL: |  1  2  3  4 |
---------------+-------------+-----
Polearms       | 4 5 6 7 |  7.6
Fighting       | |  2.4
Throwing       | |  2.0
Dodging        | |  3.2

Action                   |  1- 3 |  4- 6 || total
-------------------------+-------+-------++-------
Melee: Trident           |    79 |    64 ||   143
       Headbutt          |    13 |     5 ||    18
Invok: Sacrifice Arcana  |     1 |       ||     1
  Use: Scroll            |       |     6 ||     6
       Potion            |       |     2 ||     2
Armor: Leather armour    |    10 |       ||    10
       Chain mail        |    24 |    33 ||    57
Dodge: Dodged            |    34 |    24 ||    58

Table legend: (Time is in decaauts)
 A = Elapsed time spent in this place.
 B = Non-inter-level travel time spent in this place.
 C = Inter-level travel time spent in this place.
 D = Time resting spent in this place.
 E = Time spent auto-exploring this place.
 F = Levels seen in this place.
 G = Mean time per level.
                   A        B        C        D        E       F      G
               +--------+--------+--------+--------+--------+-----+--------+
         Total |   2311 |   2287 |     24 |    676 |    974 |   4 |  577.8 |
       Dungeon |   2311 |   2287 |     24 |    676 |    974 |   4 |  577.8 |
               +--------+--------+--------+--------+--------+-----+--------+

Top non-repeatable levels by time:
     D:1: 998 daAuts
     D:3: 591 daAuts
     D:2: 492 daAuts
     D:5: 230 daAuts
